 Dungeon Sprint DCSS version 0.27-a0-1144-g0b7d3b79db (webtiles) character file.

Game seed: 10457989306348556111

731 Zeld the Zephyrmancer (level 7, -11/50 HPs)
             Began as an Octopode Air Elementalist on May 10, 2021.
             Was an Initiate of Sif Muna.
             Splashed by a yellow draconian's acid (13 damage)
             ... in the Dungeon (Sprint V: "Ziggurat Sprint").
             The game lasted 00:01:58 (361 turns).

Zeld the Zephyrmancer (Octopode Air Elementalist)    Turns: 361, Time: 00:02:00

Health: -11/50     AC: -3    Str:  7    XL:     7   Next: 73%
Magic:  2/17       EV: 15    Int: 32    God:    Sif Muna [......]
Gold:   0          SH:  5    Dex: 12    Spells: 7/19 levels left

rFire    . . .     SeeInvis .   (no weapon)
rCold    . . .     Faith    .   (no shield)
rNeg     . . .     Spirit   .   (helmet restricted)
rPois    .         Reflect  +   u - amulet of reflection
rElec    .         Harm     .   r - +6 ring of intelligence
rCorr    .         Rampage  .   s - +6 ring of intelligence
Will     .....     NoTele   +   (no ring)
Stlth    +++.......             (no ring)
HPRegen  0.16/turn              (no ring)
MPRegen  0.15/turn              (no ring)
                                (no ring)
                                (no ring)

@: corroded
A: almost no armour, amphibious, 8 rings, camouflage 1, gelatinous body 1,
(nimble swimmer 1), tentacles
a: Renounce Religion


You were in the Dungeon.
You worshipped Sif Muna.
Sif Muna was noncommittal.
You visited 1 branch

Inventory:

Armour
 p - a +3 tower shield
Jewellery
 r - a +6 ring of intelligence (left tentacle)
 s - a +6 ring of intelligence (right tentacle)
 u - an amulet of reflection (around mantle)
Wands
 t - a wand of mindburst (7)
 v - a wand of acid (7)
Scrolls
 j - 4 scrolls of amnesia
 l - 7 scrolls of fog
 m - a scroll of holy word
 n - 5 scrolls of identify
 o - 2 scrolls of fear
Potions
 a - 2 potions of brilliance
 b - 10 potions of curing
 c - 10 potions of heal wounds
 d - 6 potions of haste
 e - 7 potions of magic
 f - 3 potions of berserk rage
 h - a potion of invisibility
 i - 4 potions of resistance
 k - 5 potions of might
Miscellaneous
 q - a lightning rod (2/4)
 w - a tin of tremorstones (inert)


   Skills:
 + Level 5.5 Fighting
 + Level 6.0 Dodging
 - Level 2.6 Stealth
 + Level 6.7 Spellcasting
 - Level 1.0 Conjurations
 * Level 10.4 Air Magic
 * Level 8.7 Invocations


You had 7 spell levels left.
You knew the following spells:

 Your Spells              Type           Power      Damage    Failure   Level
a - Shock                 Conj/Air       100%       1d9       1%          1
b - Static Discharge      Conj/Air       47%        N/A       1%          2
c - Airstrike             Air            33%        N/A       1%          4
d - Lightning Bolt        Conj/Air       23%        1d39      11%         5

Your spell library contained the following spells:

 Spells                   Type           Power      Damage    Failure   Level
 Swiftness                Air            67%        N/A       1%          3


Dungeon Overview and Level Annotations

Branches:
Dungeon (1/1)

Altars:
Ashenzari
Cheibriados
Dithmenos
Elyvilon
Fedhas
Gozag
Hepliaklqana
Kikubaaqudgha
Makhleb
Nemelex Xobeh
Okawaru
Qazlal
Ru
Sif Muna
Trog
Uskayaw
Vehumet
Wu Jian
Xom
Yredelemnul
Zin
The Shining One
Beogh
Jiyva
Lugonu

Annotations:
D 1 transporter


Innate Abilities, Weirdness & Mutations

You cannot wear most types of armour.
You are amphibious.
You can wear up to eight rings at the same time.
Your skin changes colour to match your surroundings (Stealth+).
Your rubbery body absorbs attacks. (AC +1, EV +1)
((You are camouflaged near water. (Stealth+)))
You have tentacles for arms and can constrict up to eight enemies at once.


Message History

Aiming: Airstrike (dangerous; 1% risk of failure)
Press: ? - help, Dir - move target, f/p - yellow draconian
Aim: a yellow draconian, wielding a +0 short sword (moderately wounded)
The air twists around and strikes the yellow draconian!
The yellow draconian is heavily wounded.
Unknown command.
The tremorstone explodes into fragments!
The burst of rock shards engulfs the yellow draconian!
The burst of rock shards engulfs the draconian. x2
Unknown command.
The tremorstone explodes into fragments!
The burst of rock shards engulfs the yellow draconian!!
The burst of rock shards engulfs the draconian!
The burst of rock shards engulfs the draconian!!
The burst of rock shards engulfs you!!
Ouch! That really hurt!
The tin is emptied!
Blink to where?
Press: ? - help, Dir - move target, p - yellow draconian
As you read the scroll of blinking, it crumbles to dust.
Aiming: Thunderbolt
Press: ? - help, Shift-Dir - straight line The thunderbolt hits the draconian.
The draconian is heavily wounded.
Aiming: Thunderbolt
Press: ? - help, Shift-Dir - straight line The thunderbolt hits the draconian!
The draconian is heavily wounded.
The thunderbolt hits the draconian!
The draconian is heavily wounded.
Unknown command.
Unknown command.
Blink to where?
Press: ? - help, Dir - move target
As you read the scroll of blinking, it crumbles to dust.
The yellow draconian throws acid at you.
The glob of acid hits you!!
* * * LOW HITPOINT WARNING * * *
The acid corrodes you!
You are splashed with acid!
You die...

▓▓▓▓▓▓▓▓▓▓▓▓▓
▓.8©8§▓.8©8.▓
▓.)[d.▓...).▓
▓....d▓.....▓
▓..d..▓..)..▓
▓.....▓.....▓
▓.....▓..©..▓
▓@.©..▓▓▓▓▓▓▓
▓▓▓▓▓▓▓


You could see a yellow draconian (catching breath) and 2 draconians.

Vanquished Creatures
  2 draconians (D)
2 creatures vanquished.

Notes
Turn   | Place    | Note
-------+----------+-------------------------------------------
     0 | D        | Zeld the Octopode Air Elementalist began the quest for the
                  | Orb.
     0 | D        | Reached XP level 1. HP: 11/11 MP: 3/3
     0 | D        | Found a blossoming altar of Fedhas.
     1 | D        | Found the +6 Majin-Bo {vamp, MP+6 Int+6}
     1 | D        | Found the +9 heavy crossbow "Sniper" {vorpal, Acc+∞ SInv}
     1 | D        | Found the +10 dark maul {vorpal}
     1 | D        | Found the +15 Maxwell's patent armour {-Cast -Tele rElec
                  | Will+ rCorr}
     1 | D        | Found the +18 shield of the Gong {rElec rN+ Will+ EV-5}
     1 | D        | Found the +14 obsidian axe {vorpal, Drain Fly SInv}
     1 | D        | Found the +7 great mace "Firestarter" {inner flame, rF++}
     1 | D        | Found the +6 shillelagh "Devastator" {shatter}
     1 | D        | Found the +11 plutonium sword {Contam Stlth-}
     1 | D        | Found the +8 lance "Wyrmbane" {slay drac, rPois rF+ rC+
                  | AC+3}
     1 | D        | Found the +9 sword of Zonguldrok {reap}
     1 | D        | Found the +13 scythe of Curses {drain, Drain}
     1 | D        | Found the +5 sword of Power {vorpal}
     1 | D        | Found the +7 mace of Variability {chain chaos}
     1 | D        | Found the +7 Singing Sword {vorpal, sonic wave}
     1 | D        | Found the +8 storm bow {elec, penet}
     1 | D        | Found a shimmering blue altar of Sif Muna.
     1 | D        | Found a sacrificial altar of Ru.
     1 | D        | Found a bloodstained altar of Trog.
     1 | D        | Found a stormy altar of Qazlal.
     1 | D        | Found an iron altar of Okawaru.
     1 | D        | Found a sparkling altar of Nemelex Xobeh.
     3 | D        | Reached skill level 6 in Air Magic
     3 | D        | Reached XP level 2. HP: 17/17 MP: 4/7
     4 | D        | Found a transporter.
     4 | D        | Found an ancient bone altar of Kikubaaqudgha.
     4 | D        | Found a viscous altar of Jiyva.
     4 | D        | Found a corrupted altar of Lugonu.
     4 | D        | Found a hazy altar of Hepliaklqana.
     4 | D        | Found a burning altar of Makhleb.
     4 | D        | Found an opulent altar of Gozag.
    63 | D        | Became a worshipper of Sif Muna the Loreminder
    93 | D        | Entered arena 2.
    93 | D        | Noticed a draconian
    93 | D        | Noticed a draconian
    93 | D        | Found a transporter.
   105 | D        | Killed a draconian
   106 | D        | Reached skill level 5 in Dodging
   106 | D        | Reached skill level 9 in Air Magic
   106 | D        | Reached XP level 3. HP: 27/27 MP: 7/10
   106 | D        | Reached XP level 4. HP: 33/33 MP: 8/12
   106 | D        | Reached XP level 5. HP: 37/37 MP: 8/13
   106 | D        | Reached XP level 6. HP: 43/43 MP: 9/15
   106 | D        | Killed a draconian
   107 | D        | Reached skill level 5 in Fighting
   107 | D        | Reached skill level 10 in Air Magic
   107 | D        | Reached XP level 7. HP: 50/50 MP: 10/17
   110 | D        | Learned a level 2 spell: Static Discharge
   115 | D        | Learned a level 4 spell: Airstrike
   121 | D        | Learned a level 5 spell: Lightning Bolt
   351 | D        | Entered arena 3.
   351 | D        | Noticed a draconian
   351 | D        | Noticed a yellow draconian
   351 | D        | Noticed a draconian
   351 | D        | Found a transporter.
   361 | D        | HP: 2/50 [yellow draconian/glob of acid (20)]
   361 | D        | Splashed by a yellow draconian's acid

Illustrated notes

Levels and vault maps discovered:
D:        sprint_v [room_start, room_1, room_2, room_3, room_4, room_5, room_6,
          room_7, room_8, room_9, room_10, room_11, room_12, room_13, room_14,
          room_15, room_16, room_17, room_18, room_19, room_20, room_21,
          room_22, room_23, room_24, room_25, room_26, room_27]

Skill      XL: |  1  2  3  4  5  6 |
---------------+-------------------+-----
Spellcasting   | 4 6 |  6.7
Air Magic      | 6 9 10 | 10.4
Fighting       | 4 5 |  5.5
Dodging        | 5 6 |  6.0
Invocations    | 6 8 |  8.7
Stealth        | |  2.6
Conjurations   | |  1.0

Action                   |  1- 3 |  4- 6 |  7- 9 || total
-------------------------+-------+-------+-------++-------
 Cast: Airstrike         |       |       |     4 ||     4
Evoke: Wand              |     7 |       |       ||     7
       Lightning rod     |     2 |     1 |     2 ||     5
       Tin of tremorston |       |       |     2 ||     2
  Use: Potion            |     2 |       |       ||     2
       Scroll            |     2 |       |     2 ||     4

Table legend: (Time is in decaauts)
 A = Elapsed time spent in this place.
 B = Non-inter-level travel time spent in this place.
 C = Inter-level travel time spent in this place.
 D = Time resting spent in this place.
 E = Time spent auto-exploring this place.
 F = Levels seen in this place.
 G = Mean time per level.
                   A        B        C        D        E       F      G
               +--------+--------+--------+--------+--------+-----+--------+
         Total |    360 |    360 |      0 |    226 |     32 |   1 |  360.0 |
       Dungeon |    360 |    360 |      0 |    226 |     32 |   1 |  360.0 |
               +--------+--------+--------+--------+--------+-----+--------+

Top non-repeatable levels by time:
       D: 360 daAuts
